 Dungeon Crawl Stone Soup version 0.17-a0-913-g36eb389 (webtiles) character file.

4985 Lathuz the Fighter (level 10, -3/95 HPs)
             Began as a Minotaur Berserker on May 3, 2015.
             Was a High Priest of Trog.
             Slain by a troll (10 damage)
             ... on level 9 of the Dungeon.
             The game lasted 00:32:16 (7771 turns).

Lathuz the Fighter (Minotaur Berserker)             Turns: 7771, Time: 00:32:17

Health: -3/95      AC: 17    Str: 23    XL:     10   Next: 29%
Magic:  10/10      EV: 11    Int:  4    God:    Trog [*****.]
Gold:   170        SH:  0    Dex: 12    Spells: 0 memorised, 9 levels left

rFire  . . .     SeeInvis .     H - +0 morningstar
rCold  . . .     Clarity  .     S - +0 plate armour
rNeg   . . .     SustAb   .     (no shield)
rPois  +         Gourm    .     (helmet restricted)
rElec  .         Spirit   .     (no cloak)
rCorr  .         Warding  .     (no gloves)
rMut   .         Stasis   .     e - +1 pair of boots
MR     .....                    F - amulet of regeneration
Stlth  ..........               g - ring of poison resistance
                                h - +3 ring of evasion

@: exhausted, slowed, very slow, not resistant to hostile enchantments,
extremely unstealthy
A: retaliatory headbutt, horns 2
a: Burn Spellbooks, Berserk, Trog's Hand, Brothers in Arms, Renounce Religion


You were on level 9 of the Dungeon.
You worshipped Trog.
Trog was extremely pleased with you.
You were very hungry.

You visited 1 branch of the dungeon, and saw 9 of its levels.

You collected 390 gold pieces.
You spent 220 gold pieces at shops.

Inventory:

Hand weapons
 b - the +1 arbalest "Zelelat" {penet, +Blink}
   (Trog gifted it to you on level 8 of the Dungeon)

   Ammo fired by it will pass through the targets it hits, potentially hitting
   all targets in its path until it reaches maximum range.
   It lets you blink.
 H - a +0 morningstar (weapon)
Armour
 e - a +1 pair of boots (worn)
 S - a +0 plate armour (worn)
Jewellery
 g - a ring of poison resistance (right hand)
 h - a +3 ring of evasion (left hand)
 t - an uncursed ring of fire
 x - an uncursed ring of flight
 F - an amulet of regeneration (around neck)
 I - an uncursed ring of ice
 J - an uncursed ring of stealth {unknown}
 N - a +4 ring of dexterity {unknown}
Magical devices
 s - a wand of disintegration (18)
 u - a wand of confusion (13)
Scrolls
 a - a scroll of blinking {unknown}
 d - a scroll of amnesia {unknown}
 f - 3 scrolls of fog
 i - 5 scrolls of remove curse
 j - 2 scrolls of fear
 k - a scroll of random uselessness {unknown}
 o - a scroll of brand weapon {unknown}
 q - a scroll of recharging
 v - 3 scrolls of enchant armour
 A - a scroll of noise {unknown}
 E - 3 scrolls of teleportation {unknown}
 G - 2 scrolls of identify
Potions
 m - a potion of haste {unknown}
 p - a potion of cure mutation {unknown}
 w - a potion of brilliance {unknown}
 z - a potion of might {unknown}
 B - a potion of resistance {unknown}
 C - 2 potions of curing {unknown}
 D - 3 potions of lignification {unknown}
 M - a potion of magic {unknown}
 O - a potion of berserk rage {unknown}
Comestibles
 c - 9 bread rations
 l - 5 meat rations
 n - 3 beef jerkies
 r - 4 chunks of flesh
 Q - 8 slices of pizza
 R - 4 fruits


   Skills:
 - Level 11.0 Fighting
 * Level 10.7 Maces & Flails
 - Level 10.8 Armour
 - Level 2.1 Dodging
 + Level 1.5 Evocations


You had 9 spell levels left.
You didn't know any spells.

Dungeon Overview and Level Annotations

Branches:
Dungeon (9/15)             Temple (0/1) D:5            Lair (0/8) D:9
    Orc: D:9-12

Altars:
Ashenzari
Dithmenos
Elyvilon
Fedhas
Makhleb
Okawaru
Sif Muna
Trog
Xom
Yredelemnul
Zin
The Shining One

Shops:
D:5 !   D:6 =


Innate Abilities, Weirdness & Mutations

You reflexively headbutt those who attack you in melee.
You have a pair of horns on your head.


Message History

The centaur hits you but does no damage.
You hit the iguana but do no damage. You headbutt the iguana.
The iguana is lightly wounded.
The centaur misses you. The iguana closely misses you.
The troll barely misses you. The troll misses you.
The troll claws you but does no damage. The centaur hits you.
* * * LOW HITPOINT WARNING * * *
The iguana bites you.
* * * LOW HITPOINT WARNING * * *
The troll bites you.
* * * LOW HITPOINT WARNING * * *
The troll claws you but does no damage. x2
You hit the iguana.
You headbutt the iguana, but do no damage.
The iguana is lightly wounded.
The centaur hits you but does no damage.
The centaur closely misses you.
The iguana bites you but does no damage.
The troll bites you!
You die...

#..## ##...........##
######..######.............#
...........................#
............................#
≈.....#..####>............).
≈≈≈........####..............
≈≈≈≈≈.......##..............
≈≈≈.......†...#..........))#
≈≈..≈.....†@.............)##
≈≈.≈≈..###.Tlc............).#
.≈≈≈≈≈..##................##..
.≈≈≈≈≈≈.#......##.........# #.
T.≈≈≈≈≈≈#.......###...........
...h≈≈≈≈≈.(....###
##.......... .>..≈≈≈≈≈.....##
###........ ...hl≈≈†≈....##
###..... .≈.ch≈≈≈..### ##...


You could see a troll, a centaur and an iguana.

Vanquished Creatures
  The ghost of hornqvist the Covert, an experienced OpAs of Gozag (D:9)
  A human (D:7)
  A hog (D:7)
  4 ice beasts
  4 wolves (D:9)
  2 orc warriors (D:7)
  2 sky beasts
  2 centaurs
  2 phantoms
  3 ogres
  2 necrophages (D:6)
  A big kobold (D:8)
  2 giant frogs
  2 scorpions
  5 wights (D:6)
  An electric eel (D:9)
  2 crimson imps
  12 orc priests
  An iguana (D:9)
  6 hounds
  11 orc wizards
  5 worker ants
  3 sheep (D:7)
  A hound zombie (D:9)
  A hound skeleton (D:7)
  15 adders
  12 gnolls
  3 shadow imps
  An ooze (D:4)
  2 worms
  4 giant geckos
  47 orcs
  10 bats
  2 bat skeletons
  A bat zombie (D:4)
  7 giant cockroaches
  15 goblins
  20 hobgoblins
  12 jackals
  19 kobolds
  3 quokkas
  9 giant newts
  A jackal skeleton (D:6)
  18 rats
  A ballistomycete (D:7)
279 creatures vanquished.

Vanquished Creatures (others)
  A giant spore (D:7)
1 creature vanquished.

Grand Total: 280 creatures vanquished

Notes
Turn   | Place    | Note
--------------------------------------------------------------
     0 | D:1      | Lathuz, the Minotaur Berserker, began the quest for the Orb.
     0 | D:1      | Reached XP level 1. HP: 19/19 MP: 0/0
   103 | D:1      | Reached skill level 4 in Maces & Flails
   156 | D:1      | Reached XP level 2. HP: 26/26 MP: 1/1
   407 | D:1      | Reached skill level 5 in Maces & Flails
   532 | D:1      | Acquired Trog's second power
   578 | D:1      | Reached XP level 3. HP: 25/31 MP: 2/2
   768 | D:2      | Found a burning altar of Makhleb.
   773 | D:2      | Found a shimmering altar of Xom.
   797 | D:2      | Found a blossoming altar of Fedhas.
  1024 | D:2      | Reached XP level 4. HP: 39/39 MP: 3/3
  1057 | D:2      | Reached skill level 6 in Maces & Flails
  1211 | D:3      | Found a bloodstained altar of Trog.
  1561 | D:3      | Reached skill level 7 in Maces & Flails
  1561 | D:3      | Reached XP level 5. HP: 45/45 MP: 4/4
  1980 | D:3      | Reached skill level 8 in Maces & Flails
  2011 | D:3      | Reached XP level 6. HP: 23/51 MP: 5/5
  2027 | D:3      | Acquired Trog's third power
  2772 | D:4      | Reached skill level 9 in Maces & Flails
  2853 | D:4      | Found a shimmering altar of Xom.
  2894 | D:4      | Found a bloodstained altar of Trog.
  2913 | D:4      | Reached XP level 7. HP: 41/57 MP: 6/6
  3208 | D:4      | Reached skill level 10 in Maces & Flails
  3707 | D:5      | Entered Level 5 of the Dungeon
  3707 | D:5      | Found a white marble altar of Elyvilon.
  3904 | D:5      | Found a staircase to the Ecumenical Temple.
  4067 | D:5      | Found Qireh's Distillery.
  4168 | D:5      | Found a glowing golden altar of the Shining One.
  4218 | D:5      | Found an iron altar of Okawaru.
  4219 | D:5      | Found a deep blue altar of Sif Muna.
  4220 | D:5      | Found a glowing silver altar of Zin.
  4220 | D:5      | Found a basalt altar of Yredelemnul.
  4352 | D:6      | Found a shadowy altar of Dithmenos.
  4375 | D:6      | Reached skill level 5 in Fighting
  4380 | D:6      | Reached XP level 8. HP: 69/69 MP: 7/7
  4388 | D:6      | Reached skill level 5 in Armour
  5196 | D:6      | Reached XP level 9. HP: 81/81 MP: 8/8
  5286 | D:6      | Found Hoenacu's Jewellery Shop.
  5289 | D:6      | Bought an uncursed ring of poison resistance for 220 gold pieces
  6592 | D:8      | Received a gift from Trog
  6634 | D:8      | Got a warped arbalest {god gift}
  6635 | D:8      | Identified the +1 arbalest "Zelelat" {penet, +Blink} (Trog gifted it to you on level 8 of the Dungeon)
  6733 | D:8      | Reached skill level 10 in Fighting
  6830 | D:8      | Found a shattered altar of Ashenzari.
  6915 | D:8      | Reached skill level 10 in Armour
  7702 | D:9      | Noticed hornqvist's ghost (experienced OpAs)
  7723 | D:9      | Killed hornqvist's ghost
  7723 | D:9      | Reached skill level 11 in Fighting
  7723 | D:9      | Reached XP level 10. HP: 88/95 MP: 9/9
  7744 | D:9      | Found a staircase to the Lair.
  7760 | D:9      | Reached skill level 1 in Evocations
  7766 | D:9      | Received a gift from Trog
  7771 | D:9      | Slain by a troll

Action                   |  1- 3 |  4- 6 |  7- 9 | 10-12 || total
-------------------------+-------+-------+-------+-------++-------
Melee: Mace              |    82 |   165 |       |       ||   247
       Flail             |       |    33 |   143 |       ||   176
       Morningstar       |       |       |   275 |    17 ||   292
Invok: Berserk           |       |     2 |    11 |     1 ||    14
       Brothers in Arms  |       |       |     1 |       ||     1
  Use: Scroll            |       |     2 |     8 |       ||    10
  Eat: Chunk             |       |     9 |    19 |       ||    28
       Bread ration      |       |       |     1 |       ||     1
       Meat ration       |       |       |     1 |       ||     1
